 Dungeon Crawl Stone Soup version 0.26-a0-478-g6c97825307 (webtiles) character file.

Game seed: 13942407986551443701

109 Infinimo the Skirmisher (level 4, -1/36 HPs)
             Began as a Demonspawn Fighter on Aug 1, 2020.
             Slain by Sigmund
             ... wielding a +2 vorpal scythe
              (3 damage)
             ... on level 2 of the Dungeon.
             The game lasted 00:01:30 (1933 turns).

Infinimo the Skirmisher (Demonspawn Fighter)        Turns: 1933, Time: 00:01:30

Health: -1/36      AC:  8    Str: 18    XL:     4   Next: 60%
Magic:  4/4        EV:  7    Int:  9    God:
Gold:   112        SH:  9    Dex: 12    Spells: 3/3 levels left

rFire    . . .     SeeInvis .   a - +0 long sword
rCold    . . .     Faith    .   c - +0 kite shield
rNeg     . . .     Spirit   .   b - +0 scale mail
rPois    .         Reflect  .   (no helmet)
rElec    .         Harm     .   (no cloak)
rCorr    .                      (no gloves)
MR       .....                  (no boots)
Stlth    ..........             (no amulet)
HPRegen  0.12/turn              (no ring)
MPRegen  0.09/turn              (no ring)

@: no status effects
A: rugged brown scales 2, powered by pain 1
a: no special abilities


You were on level 2 of the Dungeon.
You visited 1 branch of the dungeon, and saw 2 of its levels.

You collected 112 gold pieces.

Inventory:

Hand Weapons
 a - a +0 long sword (weapon)
Armour
 b - a +0 scale mail (worn)
 c - a +0 kite shield (worn)
Jewellery
 h - a +6 ring of strength {unknown}
Scrolls
 l - a scroll of amnesia {unknown}
 m - a scroll of blinking {unknown}
 n - a scroll of noise {unknown}
Potions
 f - 2 potions of invisibility
 i - a potion of mutation {unknown}
 j - a potion of curing


   Skills:
 + Level 3.5 Fighting
 * Level 3.1 Long Blades
 + Level 3.2 Armour
 + Level 3.2 Shields


You had 3 spell levels left.
You didn't know any spells.
Your spell library was empty.

Dungeon Overview and Level Annotations

Branches:
Dungeon (2/15)

Altars:

Annotations:
D:2 Sigmund


Innate Abilities, Weirdness & Mutations

You are mostly covered in rugged brown scales. (AC +2, +5% HP)
You sometimes gain a little power by taking damage.


Message History

Sigmund barely misses you.
The kobold is heavily wounded.
The kobold hits you. You block the kobold's attack. You block Sigmund's attack.
You kill the kobold!
Sigmund gestures wildly while chanting.
Sigmund flickers and vanishes!
Deactivating autopickup; reactivate with Ctrl-A.
You are confused.
You're too confused!
You feel better.
As you read the scroll labeled DUGROZ SIFU, it crumbles to dust.
It is a scroll of identify.
f - 2 potions of invisibility
As you read the scroll labeled CARELOHUMP, it crumbles to dust.
You hear the tinkle of a tiny bell.
It was a scroll of random uselessness.
Something hits you!
As you read the scroll labeled KOOFOWIYSY, it crumbles to dust.
The scroll dissolves into smoke.
It was a scroll of fog.
Something hits you!
* * * LOW HITPOINT WARNING * * *
You die...

#....###....#.# ...
#..........##.## ...
#.......(..#...# ....
#.........##...# .....
###.........#.....
.....##...........#.....
........................
#....§§§...............
#....§@####............
#....§§§###............
#......§...............
#.....................#
#######.......#.........#
#.............#.........#
#.........#####.........#
#.........#####.........#
#......)................#


There were no monsters in sight!

Vanquished Creatures
  An orc wizard (D:2)
  Terence (D:2)
  An adder (D:2)
  3 dart slugs (D:1)
  2 leopard geckos (D:1)
  3 orcs (D:2)
  A bat (D:1)
  3 giant cockroaches (D:1)
  3 goblins (D:1)
  4 hobgoblins
  3 jackals (D:1)
  A quokka (D:2)
  A frilled lizard (D:1)
  8 kobolds
  4 rats (D:1)
39 creatures vanquished.

Vanquished Creatures (others)
  5 toadstools (D:1)
5 creatures vanquished.

Grand Total: 44 creatures vanquished

Notes
Turn   | Place    | Note
-------+----------+-------------------------------------------
     0 | D:1      | Infinimo the Demonspawn Fighter began the quest for the
                  | Orb.
     0 | D:1      | Reached XP level 1. HP: 18/18 MP: 1/1
   186 | D:1      | Gained mutation: You are partially covered in rugged brown
                  | scales. (AC +1, +3% HP) [demonic ancestry]
   186 | D:1      | Reached XP level 2. HP: 16/24 MP: 2/2
   677 | D:1      | Gained mutation: You sometimes gain a little power by
                  | taking damage. [demonic ancestry]
   677 | D:1      | Reached XP level 3. HP: 27/29 MP: 3/3
  1489 | D:2      | Noticed Terence
  1538 | D:2      | Killed Terence
  1538 | D:2      | Gained mutation: You are mostly covered in rugged brown
                  | scales. (AC +2, +5% HP) [demonic ancestry]
  1538 | D:2      | Reached XP level 4. HP: 14/36 MP: 4/4
  1898 | D:2      | Noticed Sigmund
  1933 | D:2      | Slain by Sigmund

Illustrated notes

Levels and vault maps discovered:
D:1:      ldierk_walled_garden, layout_basic, chequers_serial_rivers_marsh,
          chequers_serial_rivers_large_a
D:2:      minmay_diamond_boxcup, layout_basic, elyvilon_altar_3,
          nicolae_ashenzari_panopticon, uniq_sigmund, uniq_jessica, uniq_terence

Skill      XL: |  1  2  3  4 |
---------------+-------------+-----
Long Blades    | 2 3 |  3.1
Shields        | 3 |  3.2
Armour         | 3 |  3.2
Fighting       | |  3.5

Action                   |  1- 3 |  4- 6 || total
-------------------------+-------+-------++-------
Melee: Long sword        |   108 |    29 ||   137
  Use: Potion            |     1 |     1 ||     2
       Scroll            |       |     3 ||     3
Armor: Scale mail        |    58 |    17 ||    75
Dodge: Dodged            |    29 |    10 ||    39
Block: Kite shield       |    64 |    23 ||    87
       Rpst.: Long sword |    12 |     1 ||    13

Table legend: (Time is in decaauts)
 A = Elapsed time spent in this place.
 B = Non-inter-level travel time spent in this place.
 C = Inter-level travel time spent in this place.
 D = Time resting spent in this place.
 E = Time spent auto-exploring this place.
 F = Levels seen in this place.
 G = Mean time per level.
                   A        B        C        D        E       F      G
               +--------+--------+--------+--------+--------+-----+--------+
         Total |   1993 |   1933 |     60 |     53 |   1532 |   2 |  996.5 |
       Dungeon |   1993 |   1933 |     60 |     53 |   1532 |   2 |  996.5 |
               +--------+--------+--------+--------+--------+-----+--------+

Top non-repeatable levels by time:
     D:1: 1209 daAuts
     D:2: 784 daAuts
